 Dungeon Crawl Stone Soup version 0.32-a0-868-g153ae1a8d6 (webtiles) character file.

Game seed: 6122129402797526589

56 GoldenjunoSP the Ruffian (level 3, 0/30 HPs)
             Began as a Demigod Shapeshifter on Mar 28, 2024.
             Succumbed to an adder's poison
             ... on level 2 of the Dungeon.
             The game lasted 00:05:53 (1208 turns).

GoldenjunoSP the Ruffian (Demigod Shapeshifter)     Turns: 1208, Time: 00:05:54

Health: 0/30       AC:  2    Str: 19    XL:     3   Next: 48%
Magic:  5/5        EV: 11    Int: 18    God:
Gold:   23         SH:  0    Dex: 11    Spells: 2/2 levels left

rFire   . . .        b - +0 falchion
rCold   . . .        (no shield)
rNeg    . . .        a - +0 animal skin
rPois   .            (helmet currently unavailable)
rElec   .            (cloak currently unavailable)
rCorr   +            (gloves currently unavailable)
SInv    .            (boots currently unavailable)
Will    .....        (no amulet)
Stlth   +            g - +6 ring of intelligence
HPRegen 0.25/turn    e - ring of resist corrosion
MPRegen 0.09/turn

%: no passive effects
@: lethally poisoned (0 -> -9), beast-form
A: beast (slay +1), high MP 1, forlorn, divine attributes, antennae 1, clumsy 1,
robust 1
a: Begin Untransformation


You were on level 2 of the Dungeon.
You were a hulking beast.
You visited 1 branch of the dungeon, and saw 2 of its levels.

You collected 23 gold pieces.

Inventory:

Hand Weapons
 b - a +0 falchion (weapon)
 j - a +0 spear
Armour
 a - a +0 animal skin (worn)
Jewellery
 e - a ring of resist corrosion (right hand)
 g - a +6 ring of intelligence (left hand)
Talismans
 c - a beast talisman (active)
 d - a flux talisman


   Skills:
 + Level 1.1 Fighting
 + Level 0.1 Long Blades
 + Level 1.0 Polearms
 + Level 2.5 Dodging
 + Level 3.0 Unarmed Combat
 + Level 3.0 Shapeshifting


You had 2 spell levels left.
You didn't know any spells.
Your spell library was empty.

Dungeon Overview and Level Annotations

Branches:
Dungeon (2/15)


Innate Abilities, Weirdness & Mutations

You are a hulking beast.
Your limbs bulge with bestial killing power. (Slay +1)
You have an increased reservoir of magic. (+10% MP)
You shall have no god before yourself.
Your divine heritage dramatically boosts your attributes as you level up.
You have a pair of small antennae on your head.
You are clumsy. (Dex -2)
You are robust. (+10% HP)


Message History

You barely miss the adder. The adder closely misses you.
The dart slug bites you.
You closely miss the adder. The adder barely misses you. The adder bites you.
The dart slug bites you.
You barely miss the adder. The adder bites you but does no damage.
The adder bites you.
The dart slug bites you but does no damage.
You closely miss the adder. The adder barely misses you.
You miss the adder. The adder barely misses you.
The dart slug launches a dart at you. The slug dart misses you.
The slug dart misses the adder.
The adder bites you.
You hit the dart slug.
You kill the dart slug!
The adder bites you. x2
You miss the adder. The adder closely misses you.
You miss the adder. The adder closely misses you. The adder misses you.
You barely miss the adder. The adder barely misses you. The adder bites you.
You are poisoned.
The adder poisons you!
You barely miss the adder.
You feel sick. The adder bites you.
You are more poisoned.
The adder poisons you!
You hit the adder.
The adder is moderately wounded.
You feel sick. The adder bites you but does no damage.
The adder completely misses you.
You closely miss the adder.
The adder is moderately wounded.
You feel sick. The adder closely misses you. The adder bites you.
* * * LOW HITPOINT WARNING * * *
You miss the adder.
The adder is moderately wounded.
You feel sick. The adder bites you.
* * * LOW HITPOINT WARNING * * *
You are lethally poisoned!
The adder poisons you! The adder bites you.
* * * LOW HITPOINT WARNING * * *
You are more poisoned.
The adder poisons you!
You die...

........#..#.# #.# #
..####..#.... #.#.#
#######.##.######.#.#
....................#
##########.######.###.#
.....# ..............#
...#.##.##.#####S.###.#
##.# # #.#.#..#.#####.
... #......h.†......
.... .......#.#######
... ........... ...
......##.### ...... ...
....#. #.# ..... #.#
... . .#


There were no monsters in sight!

Vanquished Creatures
  An adder (D:2)
  3 dart slugs
  4 ball pythons (D:1)
  2 endoplasms (D:1)
  2 giant cockroaches (D:1)
  4 goblins (D:1)
  2 hobgoblins (D:1)
  6 jackals (D:1)
  2 quokkas (D:1)
  2 bats (D:1)
  A frilled lizard (D:1)
  6 kobolds
  2 rats
37 creatures vanquished.

Notes
Turn   | Place    | Note
-------+----------+-------------------------------------------
     0 | D:1      | GoldenjunoSP the Demigod Shapeshifter began the quest for
                  | the Orb.
     0 | D:1      | Reached XP level 1. HP: 15/15 MP: 3/3
   192 | D:1      | Reached XP level 2. HP: 22/22 MP: 4/4
   320 | D:1      | Gained mutation: You are clumsy. (Dex -2) [potion of
                  | mutation]
   320 | D:1      | Gained mutation: You have a pair of small antennae on your
                  | head. [potion of mutation]
   320 | D:1      | Gained mutation: You are robust. (+10% HP) [potion of
                  | mutation]
   488 | D:1      | Reached skill level 1 in Fighting
   512 | D:1      | Reached XP level 3. HP: 30/30 MP: 5/5
  1095 | D:2      | Reached skill level 1 in Polearms
  1207 | D:2      | HP: 1/30 [adder (2)]
  1208 | D:2      | Succumbed to an adder's poison

Illustrated notes

Levels and vault maps discovered:
D:1:      giann_forest_graveyard, layout_basic,
          hellmonk_ecumenical_altar_inner_sanctum
D:2:      layout_basic, minmay_tetromino_t2

Skill      XL: |  1  2  3 |
---------------+----------+-----
Dodging        | 2 |  2.5
Unarmed Combat | 3 |  3.0
Shapeshifting  | 3 |  3.0
Fighting       | 1 |  1.1
Polearms       | 1 |  1.0
Long Blades    | |  0.1

Action                     || total
---------------------------++-------
  Melee: Unarmed           ||    31
         Punch             ||     1
         Spear             ||    68
         Falchion          ||    37
    Use: Potion            ||     4
         Scroll            ||     1
 Armour: Animal skin       ||    77
         Skin              ||   155
  Dodge: Dodged            ||   109

Table legend: (Time is in decaauts)
 A = Elapsed time spent in this place.
 B = Non-inter-level travel time spent in this place.
 C = Inter-level travel time spent in this place.
 D = Time resting spent in this place.
 E = Time spent auto-exploring this place.
 F = Levels seen in this place.
 G = Mean time per level.
                   A        B        C        D        E       F      G
               +--------+--------+--------+--------+--------+-----+--------+
         Total |   1221 |   1179 |     42 |      0 |    566 |   2 |  610.5 |
       Dungeon |   1221 |   1179 |     42 |      0 |    566 |   2 |  610.5 |
               +--------+--------+--------+--------+--------+-----+--------+

Top non-repeatable levels by time:
     D:1: 1048 daAuts
     D:2: 172 daAuts
